 Seeded DCSS version 0.29-a0-1043-g569b05d6ff (webtiles) character file.

Game seed: 6412630463162705414 (custom seed)

29 flotson the Sneak (level 3, -2/29 HPs)
             Began as a Demonspawn Delver on Aug 15, 2022.
             Slain by a gnoll
             ... wielding a +0 halberd
             ... led by a gnoll sergeant
              (12 damage)
             ... on level 4 of the Dungeon.
             The game lasted 00:00:43 (490 turns).

flotson the Sneak (Demonspawn Delver)                Turns: 490, Time: 00:00:44

Health: -2/29      AC:  3    Str: 14    XL:     3   Next: 1%
Magic:  3/3        EV: 12    Int: 11    God:
Gold:   13         SH:  0    Dex: 14    Spells: 2/2 levels left

rFire   + . .      SeeInvis .   a - +0 hand axe
rCold   + . .      Faith    .   (no shield)
rNeg    . . .      Spirit   .   b - +0 leather armour
rPois   +          Reflect  .   (no helmet)
rElec   +          Harm     .   (no cloak)
rCorr   +          Rampage  .   (no gloves)
Will    .....                   (no boots)
Stlth   ++........              (no amulet)
HPRegen 0.09/turn               (no ring)
MPRegen 0.08/turn               (no ring)

@: resistant, hasted, very quick
A: weakness stinger 1
a: no special abilities


You were on level 4 of the Dungeon.
You visited 1 branch of the dungeon, and saw 2 of its levels.

You collected 13 gold pieces.

Inventory:

Hand Weapons
 a - a +0 hand axe (weapon)
Armour
 b - a +0 leather armour (worn)
Wands
 g - a wand of digging (3)
Scrolls
 c - a scroll of fog
 d - a scroll of magic mapping
 e - a scroll of fear


   Skills:
 + Level 3.3 Fighting
 - Level 1.7 Axes
 + Level 1.0 Armour
 + Level 2.2 Dodging
 - Level 4.5 Stealth
 + Level 1.1 Evocations


You had 2 spell levels left.
You didn't know any spells.
Your spell library was empty.

Dungeon Overview and Level Annotations

Branches:
Dungeon (5/15)
 Temple: D:4-7

Altars:


Innate Abilities, Weirdness & Mutations

You have a small tail.


Message History

A phantom comes into view.
The gnoll barely misses you.
There is a stone staircase leading up here.
The gnoll misses you.
You climb upwards.
Found a stone staircase leading up.
There is a stone staircase leading down here.
Okay, then.
You hit the gnoll. You tail-slap the gnoll.
The gnoll is lightly wounded.
The gnoll hits you with a +0 halberd!
It was a potion of resistance.
You feel protected. The gnoll closely misses you.
You feel yourself speed up. The gnoll barely misses you.
You hit the gnoll.
You tail-slap the gnoll, but do no damage.
The gnoll is moderately wounded.
The gnoll misses you.
You hit the gnoll.
The gnoll is moderately wounded.
The gnoll misses you.
You closely miss the gnoll. You tail-slap the gnoll.
The gnoll is moderately wounded.
The gnoll hits you with a +0 halberd.
You barely miss the gnoll.
The gnoll is moderately wounded.
The gnoll hits you with a +0 halberd.
You barely miss the gnoll.
The gnoll is moderately wounded.
You hit the gnoll.
The gnoll is heavily wounded.
The gnoll barely misses you.
You barely miss the gnoll.
The gnoll is heavily wounded.
The gnoll closely misses you.
You hit the gnoll.
The gnoll is almost dead.
The gnoll hits you with a +0 halberd!
You die...

#.......#
#.......#
#.......#
#.......#
#.......#
#......#
...##......#
......g@...#
...........#
...........#
...##......#
## #......#
.......#
#.......#
#.......#


You could see a gnoll.

Vanquished Creatures
  A hound (D:5)
1 creature vanquished.

Notes
Turn   | Place    | Note
-------+----------+-------------------------------------------
     0 | D:5      | flotson the Demonspawn Delver began the quest for the Orb.
     0 | D:5      | Reached XP level 1. HP: 18/18 MP: 1/1
     2 | D:5      | Noticed a hound
    24 | D:5      | Killed a hound
    25 | D:5      | Reached skill level 1 in Armour
    25 | D:5      | Reached skill level 1 in Evocations
    25 | D:5      | Gained mutation: You have a small tail. [demonic ancestry]
    25 | D:5      | Reached XP level 2. HP: 4/24 MP: 2/2
    25 | D:5      | Reached XP level 3. HP: 5/29 MP: 3/3
   469 | D:5      | Noticed a wight
   475 | D:5      | Noticed a gnoll sergeant
   476 | D:5      | Noticed a phantom
   490 | D:4      | Slain by a gnoll

Illustrated notes

Levels and vault maps discovered:
D:4:      minmay_evil_eye, layout_gridville, minivault_25
D:5:      layout_basic

Skill      XL: |  1 |
---------------+----+-----
Armour         | 1 |  1.0
Dodging        | 2 |  2.2
Evocations     | 1 |  1.1
Fighting       | |  3.3
Axes           | |  1.7
Stealth        | |  4.5

Action                   || total
-------------------------++-------
Melee: Hand axe          ||    25
       Tailslap          ||     3
  Use: Potion            ||     3
Armor: Leather armour    ||     8
Dodge: Dodged            ||    15

Table legend: (Time is in decaauts)
 A = Elapsed time spent in this place.
 B = Non-inter-level travel time spent in this place.
 C = Inter-level travel time spent in this place.
 D = Time resting spent in this place.
 E = Time spent auto-exploring this place.
 F = Levels seen in this place.
 G = Mean time per level.
                   A        B        C        D        E       F      G
               +--------+--------+--------+--------+--------+-----+--------+
         Total |    472 |    472 |      0 |      0 |    416 |   2 |  236.0 |
       Dungeon |    472 |    472 |      0 |      0 |    416 |   2 |  236.0 |
               +--------+--------+--------+--------+--------+-----+--------+

Top non-repeatable levels by time:
     D:5: 462 daAuts
     D:4: 9 daAuts
